Map: Oxide LE

Players

LiquidClem (Clem)

  • Race: Terran Terran
  • Spawn Location: 7:00

Solar - Winner!

  • Race: Zerg Zerg
  • League: Master
  • Spawn Location: 1:00

Event: ASUS ROG Online 2020

VOD

Have the link to the VOD?

Description

Time

  • Played on: Nov. 28, 2020, 8:20 a.m.
  • Length: 9:46

All games in this series

Show
View Real Time Build Order
Export as new Build Order

LiquidClem Terran 

Build Orders: Liberator Opening, Reaper Expand 

Get SALT Encoding   

  12  0:00  SCV  
  13  0:12  SCV  
  14  0:17  Supply Depot  
  14  0:24  SCV  
  15  0:38  SCV  
  15  0:40  Barracks  
  16  0:43  Refinery  
  16  0:50  SCV  
  17  1:02  SCV  
  18  1:14  SCV  
  19  1:27  Reaper  
  19  1:28  Orbital Command  
  20  1:38  Command Center  
  20  1:46  Supply Depot  
  20  1:53  SCV  
  21  1:59  Marine  
  22  2:05  SCV  
  23  2:11  Factory  
  23  2:12  Refinery  
  23  2:17  SCV  
  23  2:22  Barracks Reactor  
  24  2:29  SCV  
  25  2:41  SCV  
  27  2:53  Orbital Command  
  27  2:55  SCV  
  27  2:57  Starport  
  27  3:02  Hellion  
  27  3:03  Hellion  
  31  3:07  SCV, Marine  
  33  3:14  Supply Depot  
  33  3:19  SCV x2  
  35  3:24  Hellion x2  
  39  3:28  Barracks Tech Lab  
  39  3:31  SCV  
  39  3:32  SCV  
  39  3:33  Liberator  
  44  3:38  Supply Depot  
  44  3:43  SCV  
  44  3:44  SCV  
  46  3:50  Hellion x2  
  46  3:55  SCV  
  51  3:56  SCV  
  52  4:03  Command Center  
  52  4:07  SCV  
  52  4:08  Supply Depot  
  53  4:10  SCV  
  53  4:14  Stimpack  
  54  4:18  Starport Reactor  
  54  4:20  SCV  
  54  4:22  Barracks  
  54  4:24  SCV  
  56  4:28  Barracks  
  56  4:29  Factory Tech Lab  
  56  4:30  Marine  
  57  4:33  SCV  
  57  4:36  SCV  
  59  4:44  Engineering Bay x2  
  60  4:45  SCV  
  60  4:48  SCV  
  61  4:53  Refinery x2  
  61  4:57  Siege Tank, SCV  
  65  5:00  SCV  
  65  5:01  Supply Depot  
  65  5:03  Starport Reactor, Marine  
  67  5:09  SCV  
  67  5:13  SCV  
  69  5:14  Terran Infantry Armor Level 1, Terran Infantry Weapons Level 1  
  69  5:15  Orbital Command  
  69  5:18  Marine  
  69  5:19  Marine x2  
  72  5:22  Marine  
  72  5:24  SCV  
  72  5:25  Marine  
  72  5:28  SCV  
  79  5:36  SCV, Marine  
  79  5:37  Orbital Command, Marine  
  79  5:39  Marine  
  79  5:40  SCV, Marine  
  85  5:46  Armory  
  85  5:47  Medivac x2  
  85  5:48  SCV, Marine  
  88  5:53  Combat Shield, Supply Depot, SCV  
  88  5:55  Marine  
  90  6:00  Siege Tank  
  93  6:07  Supply Depot  
  93  6:14  Marine x5  
  93  6:15  SCV x3  
  101  6:22  Barracks x2  
  101  6:25  Supply Depot  
  101  6:29  SCV  
  101  6:31  Supply Depot  
  101  6:32  Medivac x2, Marine x3  
  109  6:42  Supply Depot, SCV x2, Marine  
  109  6:46  SCV, Marine  
  110  6:50  Marine  
  110  6:52  Marine  
  110  6:53  Marine  
  101  6:54  SCV x2  
  101  6:55  Siege Tank  
  101  6:58  SCV  
  101  7:00  Refinery, Marine  
  107  7:04  Marine  
  107  7:06  SCV x2  
  107  7:07  Supply Depot  
  107  7:08  Marine  
  111  7:09  Marine  
  111  7:10  SCV  
  111  7:11  Barracks Reactor x2, Marine  
  111  7:14  Medivac x2  
  111  7:15  Terran Infantry Weapons Level 2  
  118  7:17  Supply Depot  
  118  7:18  SCV x2  
  118  7:22  SCV, Marine  
  121  7:25  Marine  
  121  7:26  Marine  
  121  7:29  Terran Infantry Armor Level 2  
  123  7:30  SCV  
  123  7:31  SCV  
  123  7:32  Marine x2  
  127  7:39  Marine  
  127  7:41  Command Center  
  128  7:44  Refinery  
  128  7:45  Marine  
  128  7:46  Factory  
  128  7:49  Marine x2  
  128  7:50  Supply Depot  
  130  7:53  Marine x2  
  130  7:54  SCV  
  130  7:56  Marine  
  130  7:58  Marine  
  133  7:59  Marine x2  
  133  8:00  Siege Tank  
  133  8:03  Marine  
  135  8:07  Marine  
  135  8:11  Marine  
  135  8:12  Marine x2  
  131  8:13  Marine  
  131  8:14  Liberator x2  
  131  8:16  Marine  
  131  8:17  Drilling Claws, Marine x2  
  141  8:23  Marine  
  141  8:24  Marine  
  141  8:26  Supply Depot  
  143  8:32  Siege Tank, Marine x2  
  143  8:33  Marine  
  148  8:34  Marine  
  148  8:36  Marine  
  132  8:44  Marine x4  
  132  8:45  Factory Reactor  
  129  8:50  Missile Turret x2, Marine x2  
  129  8:51  Missile Turret, Marine  
  129  8:52  Marine  
  129  8:54  Marine  
  132  8:56  SCV x2  
  132  8:57  Medivac  
  132  9:00  SCV  
  132  9:02  Marine x2  
  138  9:03  Bunker  
  138  9:04  Marine  
  138  9:06  Marauder  
  138  9:08  SCV  
  138  9:09  SCV  
  143  9:15  Marine x3  
  143  9:16  Missile Turret  
  141  9:24  Marine x3  
  141  9:25  Marine x2  
  141  9:27  Marine  
Show
View Real Time Build Order
Export as new Build Order

Solar Zerg - Winner!

Build Orders: Hatch First, Muta Ling Bane 

Get SALT Encoding   

  12  0:00  Drone  
  13  0:12  Overlord  
  13  0:17  Drone  
  14  0:31  Drone x2  
  16  0:48  Hatchery  
  15  0:51  Drone  
  15  0:54  Drone  
  17  0:57  Drone  
  18  1:08  Extractor  
  17  1:13  Spawning Pool  
  17  1:16  Drone  
  17  1:19  Drone  
  18  1:28  Drone  
  19  1:39  Drone  
  20  1:51  Drone  
  21  2:00  Zergling x4, Queen  
  21  2:01  Queen  
  27  2:11  Overlord  
  27  2:12  Drone  
  28  2:22  Hatchery  
  28  2:27  Drone  
  28  2:29  Drone  
  29  2:36  Queen  
  31  2:38  Drone  
  31  2:43  Metabolic Boost  
  32  2:47  Overlord  
  32  2:51  Drone  
  33  2:52  Drone  
  33  2:54  Drone  
  33  2:57  Drone  
  36  3:06  Drone  
  36  3:07  Drone  
  36  3:10  Drone x3  
  41  3:15  Queen  
  41  3:19  Overlord  
  43  3:21  Drone  
  43  3:25  Overlord  
  44  3:34  Queen  
  44  3:35  Drone  
  44  3:38  Drone  
  48  3:42  Zergling x2, Drone x2  
  48  3:43  Zergling x2  
  48  3:44  Zergling x2  
  48  3:46  Drone x3  
  56  3:49  Spore Crawler  
  56  3:51  Drone  
  56  3:55  Queen  
  59  3:56  Overlord  
  59  3:59  Zergling x4  
  59  4:01  Drone  
  61  4:07  Overlord  
  61  4:08  Drone  
  62  4:11  Overlord  
  62  4:15  Spore Crawler, Queen  
  62  4:17  Drone  
  64  4:21  Zergling x2  
  65  4:25  Overlord  
  65  4:27  Zergling x4  
  65  4:28  Drone x3  
  65  4:29  Spore Crawler  
  69  4:34  Evolution Chamber x2  
  69  4:35  Drone  
  69  4:36  Extractor  
  67  4:39  Drone  
  67  4:40  Drone  
  67  4:44  Drone x2  
  71  4:45  Drone  
  71  4:48  Overlord  
  71  4:50  Drone  
  71  4:51  Drone  
  71  4:52  Drone  
  75  4:53  Zergling x4  
  75  4:58  Drone  
  78  5:03  Zerg Ground Armor Level 1  
  78  5:04  Drone x2  
  78  5:06  Zerg Melee Weapons Level 1  
  80  5:10  Drone  
  80  5:11  Drone x4  
  85  5:14  Overlord  
  85  5:23  Lair  
  85  5:24  Drone x2  
  85  5:25  Drone  
  85  5:26  Extractor  
  85  5:27  Extractor x2, Drone x3  
  88  5:32  Drone  
  88  5:34  Zergling x2  
  88  5:35  Baneling Nest  
  89  5:39  Drone  
  89  5:42  Overlord  
  89  5:44  Drone  
  89  5:48  Drone x3  
  93  5:51  Extractor  
  93  5:54  Drone x3  
  93  5:56  Zergling x2  
  93  5:57  Overlord  
  96  5:58  Zergling x6  
  96  6:03  Zergling x4  
  101  6:09  Overlord  
  101  6:17  Zergling x10  
  101  6:18  Zergling x6  
  109  6:20  Baneling x3  
  109  6:21  Baneling x5  
  109  6:22  Centrifical Hooks, Hatchery  
  108  6:27  Spire  
  108  6:28  Zergling x10  
  108  6:29  Zergling x2  
  113  6:36  Overlord  
  113  6:40  Zergling x4  
  113  6:42  Overlord  
  113  6:44  Baneling  
  113  6:45  Zergling x2, Baneling x2  
  113  6:46  Zergling x4  
  116  6:50  Zergling x4  
  103  6:54  Overlord  
  103  6:56  Zergling x4  
  103  6:57  Drone  
  104  7:02  Drone  
  104  7:03  Drone x2  
  104  7:04  Drone  
  104  7:06  Zerg Melee Weapons Level 2, Zerg Ground Armor Level 2  
  108  7:10  Baneling x4  
  108  7:11  Zergling x2, Baneling x2  
  110  7:15  Zergling x6  
  110  7:16  Zergling x4  
  110  7:17  Extractor  
  110  7:22  Drone  
  111  7:23  Drone  
  111  7:24  Drone  
  111  7:33  Zergling x8  
  111  7:35  Baneling x2  
  114  7:37  Zergling x6  
  114  7:42  Zergling x6  
  114  7:43  Queen  
  122  7:45  Zergling x8  
  122  7:46  Overlord  
  122  7:47  Zergling x2  
  122  7:49  Overlord  
  127  7:52  Baneling x3  
  123  8:00  Mutalisk x4  
  123  8:08  Mutalisk x3  
  123  8:11  Mutalisk  
  124  8:14  Mutalisk  
  124  8:16  Zergling x22  
  124  8:18  Baneling x3  
  124  8:19  Zergling x2  
  138  8:22  Baneling  
  138  8:23  Baneling  
  138  8:24  Overlord  
  138  8:29  Zergling x2  
  138  8:30  Zergling x4  
  136  8:35  Baneling x5  
  136  8:36  Zergling x2  
  132  8:42  Mutalisk x2  
  132  8:44  Zergling x12  
  141  8:49  Zergling x6  
  141  8:50  Zergling x10  
  141  8:54  Baneling x2  
  141  8:55  Zergling x4  
  151  9:00  Baneling x11  
  151  9:01  Zergling x4  
  153  9:03  Overseer  
  153  9:04  Overlord x2  
  153  9:05  Baneling x2  
  153  9:08  Baneling x2  
  153  9:09  Zergling x2, Overlord  
  155  9:10  Zergling x4  
  155  9:11  Overlord  
  155  9:15  Baneling x5  
  155  9:16  Baneling  
  156  9:17  Zergling x10  
  156  9:19  Zergling x4  
  156  9:23  Zergling x6  
  164  9:26  Zergling x6  
Tags
 
Add a new tag
Caveats
  • Supply blocks, unpowered buildings, or Contaminate may cause inaccurate times.
  • Supply counts are checked every 10 seconds.